 Dungeon Crawl Stone Soup version 0.19.1 (webtiles) character file.

588 kae the Insei (level 7, 0/55 HPs)
             Began as a Demonspawn Monk on Dec 17, 2016.
             Slain by a centaur (7 damage)
             ... on level 5 of the Dungeon.
             The game lasted 00:05:59 (5485 turns).

kae the Insei (Demonspawn Monk)                     Turns: 5485, Time: 00:06:00

Health: 0/55       AC:  4    Str: 12    XL:     7   Next: 15%
Magic:  0/7        EV: 15    Int: 11    God:
Gold:   198        SH:  0    Dex: 19    Spells: 0 memorised, 6 levels left

rFire  + . .     SeeInvis +     n - +3 battleaxe of a Spat {vamp, rElec}
rCold  . . .     Gourm    .     a - +0 robe
rNeg   . . .     Faith    .     (shield currently unavailable)
rPois  .         Spirit   +     (no helmet)
rElec  +         Reflect  .     (no cloak)
rCorr  .         Harm     .     o - +1 pair of gloves
MR     .....                    (no boots)
Stlth  +++.......               (no amulet)
                                p - ring of protection from fire
                                c - ring of see invisible

@: no status effects
A: claws 1, thin skeletal structure 1, demonic guardian 1, magic shield
a: no special abilities


You were on level 5 of the Dungeon.
You were not hungry.

You visited 1 branch of the dungeon, and saw 5 of its levels.

You collected 198 gold pieces.

Inventory:

Hand Weapons
 i - a +0 whip
 n - the +3 battleaxe of a Spat (weapon) {vamp, rElec}
   (You found it on level 4 of the Dungeon)

   It inflicts no extra harm, but heals its wielder when it wounds a living foe.
   It insulates you from electricity.
Armour
 a - a +0 robe (worn)
 o - a +1 pair of gloves (worn)
Jewellery
 c - a ring of see invisible (left hand)
 p - a ring of protection from fire (right hand)
Wands
 q - a wand of lightning (0/15)
 y - a wand of digging (13/24)
Scrolls
 e - 2 scrolls of remove curse
 h - 2 scrolls of enchant armour
 m - 2 scrolls of amnesia
 u - a scroll of fear
 A - a scroll of recharging {unknown}
Potions
 d - a potion of flight {unknown}
 f - a potion of magic
 g - a potion of cure mutation {unknown}
 j - a potion of brilliance
 l - a potion of cancellation {unknown}
 r - a potion of heal wounds
 v - a potion of agility {unknown}
 w - 2 potions of lignification {unknown}
 z - a potion of might {unknown}
Comestibles
 b - 4 bread rations
 k - 3 royal jellies
 s - 2 beef jerkies
 x - a meat ration


   Skills:
 + Level 4.9 Fighting
 + Level 4.3 Dodging
 - Level 1.7 Stealth
 * Level 5.5 Unarmed Combat


You had 6 spell levels left.
You didn't know any spells.

Dungeon Overview and Level Annotations

Branches:
Dungeon (5/15)
 Temple: D:4-7

Altars:
Hepliaklqana
Kikubaaqudgha
Qazlal
Trog
Uskayaw
Xom
The Shining One

Annotations:
D:2 1 runed door
D:3 kae's ghost, amateur DsMo


Innate Abilities, Weirdness & Mutations

You have sharp fingernails.
You have a somewhat thin skeletal structure. (Dex +2, Stealth)
A weak demonic guardian rushes to your aid.
When hurt, damage is shared between your health and your magic reserves.


Message History

You completely miss the centaur.
The centaur is severely wounded.
The centaur barely misses you. The centaur completely misses you.
You hit the centaur.
The centaur is almost dead.
The centaur hits you but does no damage.
The centaur closely misses you. x2
You barely miss the centaur.
The centaur is severely wounded.
The centaur completely misses you. The centaur barely misses you.
You hit the centaur.
You feel better.
The centaur is almost dead.
The centaur closely misses you. The centaur hits you. x2
* * * LOW HITPOINT WARNING * * *
You barely miss the centaur.
The centaur is almost dead.
The centaur hits you.
* * * LOW HITPOINT WARNING * * *
The centaur hits you!
You die...

#.##.##.###
##.....##
#.##.##.# ##...##
#.##.##.# #+##
#.......# #.#
####.####
######.#### #.#
#....[....#
#.######.........#
#......<..#c.....#
########..@...(..#
#..##(.#..####
#((##.(.....c.
#..#####..####
#... .# ##### #


You could see a centaur.

Vanquished Creatures
  An ogre (D:4)
  A phantom (D:4)
  A centaur (D:4)
  A scorpion (D:4)
  A hound (D:4)
  A bullfrog skeleton (D:4)
  An iguana (D:5)
  A worker ant (D:4)
  7 adders
  An ooze (D:3)
  An adder skeleton (D:4)
  A worm (D:4)
  4 dart slugs
  6 leopard geckos
  10 orcs
  9 giant cockroaches
  9 goblins
  6 hobgoblins
  4 jackals (D:4)
  7 kobolds
  A quokka (D:3)
  2 ball pythons
  4 bats
  5 frilled lizards
  A jackal skeleton (D:4)
  11 rats
97 creatures vanquished.

Vanquished Creatures (collateral kills)
  A scorpion (D:4)
1 creature vanquished.

Grand Total: 98 creatures vanquished

Notes
Turn   | Place    | Note
-------+----------+-------------------------------------------
     0 | D:1      | kae the Demonspawn Monk began the quest for the Orb.
     0 | D:1      | Reached XP level 1. HP: 18/18 MP: 1/1
    88 | D:1      | Gained mutation: You have a somewhat thin skeletal structure. (Dex +2, Stealth) [demonic ancestry]
    88 | D:1      | Reached XP level 2. HP: 18/24 MP: 2/2
   200 | D:1      | Reached skill level 3 in Unarmed Combat
  1036 | D:1      | Gained mutation: When hurt, damage is shared between your health and your magic reserves. [demonic ancestry]
  1036 | D:1      | Reached XP level 3. HP: 20/29 MP: 3/3
  1906 | D:2      | Found a hide-covered altar of Uskayaw.
  1913 | D:2      | Found a glowing golden altar of the Shining One.
  1953 | D:2      | Found a runed door.
  2447 | D:2      | Reached XP level 4. HP: 15/36 MP: 4/4
  2941 | D:3      | Found a faded altar of an unknown god.
  3148 | D:3      | Found a bloodstained altar of Trog.
  3151 | D:3      | Noticed kae's ghost (amateur DsMo)
  4359 | D:4      | Got an iridescent battleaxe
  4366 | D:4      | Identified the +3 battleaxe of a Spat {vamp, rElec} (You found it on level 4 of the Dungeon)
  4404 | D:4      | Reached skill level 4 in Unarmed Combat
  4404 | D:4      | Gained mutation: You have sharp fingernails. [demonic ancestry]
  4404 | D:4      | Reached XP level 5. HP: 38/42 MP: 3/5
  4407 | D:4      | Noticed a centaur
  4421 | D:4      | Killed a centaur
  4547 | D:4      | Gained mutation: A weak demonic guardian rushes to your aid. [demonic ancestry]
  4547 | D:4      | Reached XP level 6. HP: 42/48 MP: 2/6
  4737 | D:4      | Reached skill level 5 in Unarmed Combat
  4802 | D:4      | Found an ancient bone altar of Kikubaaqudgha.
  4870 | D:4      | Found a hazy altar of Hepliaklqana.
  4892 | D:4      | Found a shimmering altar of Xom.
  4892 | D:4      | Found a stormy altar of Qazlal.
  5264 | D:4      | Reached XP level 7. HP: 55/55 MP: 7/7
  5308 | D:5      | Entered Level 5 of the Dungeon
  5485 | D:5      | Slain by a centaur

Skill      XL: |  1  2  3  4  5  6 |
---------------+-------------------+-----
Unarmed Combat | 3 4 5 |  5.5
Dodging        | 3 4 |  4.3
Fighting       | 4 |  4.9
Stealth        | |  1.7

Action                   |  1- 3 |  4- 6 |  7- 9 || total
-------------------------+-------+-------+-------++-------
Melee: Unarmed           |    46 |       |       ||    46
       Whip              |   128 |    95 |       ||   223
       Battleaxe         |       |   130 |    25 ||   155
       Punch             |       |     4 |       ||     4
Evoke: Wand              |       |     2 |       ||     2
  Use: Scroll            |       |    10 |       ||    10
       Potion            |       |     1 |       ||     1
 Stab: Sleeping          |     6 |    10 |       ||    16
       Distracted        |     1 |       |       ||     1
  Eat: Chunk             |     5 |     7 |     1 ||    13
       Meat ration       |       |     1 |       ||     1
       Pizza             |       |     1 |       ||     1
Armor: Robe              |    19 |    49 |     3 ||    71
Dodge: Dodged            |   102 |   231 |    33 ||   366
